 Dungeon Crawl Stone Soup version 0.24.1-5-g77f818bfca (webtiles) character file.

Game seed: 9228671175272003210, levelgen mode: deterministic

3257 GenChuck the Archer (level 9, -1/68 HPs)
             Began as a Minotaur Hunter on Apr 21, 2020.
             Was a Priest of Okawaru.
             Shot with an arrow by a centaur warrior (4 damage)
             ... on level 8 of the Dungeon on Apr 22, 2020.
             The game lasted 01:22:34 (8635 turns).

GenChuck the Archer (Minotaur Hunter)               Turns: 8635, Time: 01:22:34

Health: -1/68      AC: 15    Str: 18    XL:     9   Next: 67%
Magic:  9/9        EV: 12    Int:  8    God:    Okawaru [***...]
Gold:   234        SH:  0    Dex: 13    Spells: 8/9 levels left

rFire    + . .     SeeInvis .   a - +1 shortbow
rCold    . . .     Gourm    .   (shield currently unavailable)
rNeg     + . .     Faith    .   R - +2 ring mail {rF+}
rPois    .         Spirit   .   (helmet restricted)
rElec    .         Reflect  .   (no cloak)
rCorr    .         Harm     .   t - +2 pair of gloves
MR       .....                  p - +1 pair of boots
Stlth    +.........             x - amulet of regeneration
HPRegen  0.61/turn              H - ring of positive energy
MPRegen  0.11/turn              d - +2 ring of protection

@: no status effects
A: retaliatory headbutt, horns 2, blurry vision 1
a: Heroism, Renounce Religion


You were on level 8 of the Dungeon.
You worshipped Okawaru.
Okawaru was most pleased with you.
You were not hungry.

You visited 2 branches of the dungeon, and saw 9 of its levels.

You collected 409 gold pieces.
You spent 175 gold pieces at shops.

Inventory:

Hand Weapons
 a - a +1 shortbow (weapon)
 b - a +0 short sword
 u - a +2 dire flail of protection
 A - a +2 dagger of venom
 C - a +1 spear of piercing
 G - a +0 hunting sling
 M - a +2 flail of protection
Missiles
 O - 24 sling bullets
 W - 4 boomerangs (quivered)
Armour
 c - a +0 leather armour
 n - a +0 ring mail
 p - a +1 pair of boots (worn)
 s - a +0 chain mail
 t - a +2 pair of gloves (worn)
 D - a +0 animal skin
 R - a +2 ring mail of fire resistance (worn)
Magical Staves
 U - an uncursed staff of wizardry {unknown}
Jewellery
 d - a +2 ring of protection (right hand)
 x - an amulet of regeneration (around neck)
 E - an uncursed amulet of guardian spirit
 H - a ring of positive energy (left hand)
 N - an uncursed ring of stealth
Wands
 i - a wand of polymorph (2)
 B - a wand of random effects (33)
 I - a wand of scattershot (4)
Scrolls
 j - a scroll of fear
 k - 3 scrolls of remove curse
 q - 3 scrolls of enchant armour {unknown}
 y - a scroll of blinking {unknown}
 z - 2 scrolls of random uselessness
 J - 2 scrolls of amnesia {unknown}
 L - a scroll of immolation {unknown}
 P - 2 scrolls of teleportation {unknown}
 V - a scroll of summoning {unknown}
Potions
 e - 2 potions of cancellation {unknown}
 f - 2 potions of mutation {unknown}
 g - a potion of lignification {unknown}
 h - 2 potions of agility
 l - a potion of brilliance {unknown}
 m - 3 potions of ambrosia
 o - 2 potions of curing {unknown}
 r - 2 potions of might
 w - 3 potions of berserk rage
 F - 2 potions of degeneration {unknown}
 K - a potion of flight {unknown}
 Q - 2 potions of heal wounds {unknown}
Comestibles
 v - 6 rations


   Skills:
 - Level 2.4 Fighting
 + Level 0.2 Short Blades
 + Level 2.7 Polearms
 - Level 0.5(1.0) Slings
 * Level 13.6 Bows
 - Level 1.0(1.1) Throwing
 + Level 4.6 Armour
 + Level 2.7 Dodging
 - Level 0.7 Stealth
 + Level 0.8 Spellcasting
 + Level 0.6 Charms


You had 8 spell levels left.
You knew the following spells:

 Your Spells              Type           Power        Failure   Level  Hunger
a - Infusion              Chrm           #...         47%         1    ##.....

Your spell library contained the following spells:

 Spells                   Type           Power        Failure   Level  Hunger
 Beastly Appendage        Tmut           #.....       56%         1    ##.....
 Confusing Touch          Hex            #.....       56%         1    ##.....
 Song of Slaying          Chrm           #.......     63%         2    ###....
 Shroud of Golubria       Chrm/Tloc      #.....       65%         2    ###....
 Sticks to Snakes         Tmut           #.......     71%         2    ###....
 Regeneration             Chrm/Necr      #.........   87%         3    ####...
 Spectral Weapon          Hex/Chrm       #.......     87%         3    ####...
 Confuse                  Hex            #.......     90%         3    ####...
 Gell's Gravitas          Tloc           #.........   90%         3    ####...
 Spider Form              Tmut/Pois      #.........   90%         3    ####...
 Ice Form                 Ice/Tmut       #.......     100%        4    #####..
 Petrify                  Tmut/Erth      #.......     100%        4    #####..
 Blade Hands              Tmut           #.........   100%        5    ######.
 Metabolic Englaciation   Hex/Ice        #.........   100%        5    ######.
 Yara's Violent Unravell  Hex/Tmut       #.........   100%        5    ######.


Dungeon Overview and Level Annotations

Branches:
Dungeon (8/15)             Temple (1/1) D:5
   Lair: D:8-11

Altars:
Cheibriados
Dithmenos
Elyvilon
Fedhas
Gozag
Kikubaaqudgha
Makhleb
Nemelex Xobeh
Okawaru
Qazlal
Ru
Sif Muna
Trog
Vehumet
Wu Jian
Xom
Yredelemnul
The Shining One

Shops:
D:6 (   D:7 [


Innate Abilities, Weirdness & Mutations

You reflexively headbutt those who attack you in melee.
You have a pair of horns on your head.
Scrolls take you a little longer to read.


Message History

You throw a boomerang. The boomerang hits the centaur warrior.
The centaur warrior is severely wounded.
The centaur warrior unwields a +0 longbow.
The centaur warrior hits you but does no damage.
The centaur warrior completely misses you.
You furiously retaliate!
You headbutt the centaur warrior.
Throwing (i - inventory)
W - 4 boomerangs (quivered)
Press: ? - help, Shift-Dir - straight line, f/p - centaur warrior
Aim: a centaur warrior (severely wounded)
You throw a boomerang.
The boomerang closely misses the centaur warrior.
The centaur warrior hits you but does no damage.
The centaur warrior hits you!
* * * LOW HITPOINT WARNING * * *
The centaur warrior wields a +0 longbow.
The centaur warrior shoots an arrow.
The arrow hits you!
* * * LOW HITPOINT WARNING * * *
You see here an arrow.
The centaur warrior shoots an arrow.
The arrow hits you.
You die...

.........(.... ###≈≈≈≈≈≈
##........... ..#≈≈≈≈≈≈
##........## ##.#;≈≈≈≈≈
#.......... .('(....c
#####.#.##.## #('...... ........#
#c# ..###.### .# #(#
..###.####.######(# ≈≈≈≈≈..
..#....##.......@.# ≈≈≈≈≈..
#.#.#[.##.#######.### ≈≈≈≈≈..
..))......### #...# ≈≈≈≈≈..
###.......#.# #.#.# #≈≈≈;.. #
#<......#.#####.#.# ≈;≈.. # #
#.......#.##.##.#.#######''#### #
#..#.#......>..................
###.......####.##.#######.#.##..#
.......#.## #.##...... #.#.##..#


You could see a centaur warrior and an electric eel.

Vanquished Creatures
  Joseph (D:7)
  A troll (D:8)
  Prince Ribbit (D:6)
  A hippogriff (D:8)
  Edmund (D:6)
  A black bear (D:7)
  2 orc warriors
  2 ice beasts
  2 sky beasts (D:7)
  2 ogres
  3 phantoms
  A centaur (D:7)
  2 big kobolds
  3 crimson imps
  A jelly (D:7)
  A centaur zombie (D:6)
  3 hounds
  3 orc priests
  2 centaur skeletons (D:5)
  A bullfrog skeleton (D:8)
  3 iguanas
  5 orc wizards
  2 worker ants
  A hound zombie (D:6)
  A worker ant zombie (D:7)
  Robin (D:4)
  5 adders
  3 gnolls (D:5)
  A shadow imp (D:8)
  2 worms (D:2)
  4 dart slugs
  3 leopard geckos
  18 orcs
  2 ball pythons (D:4)
  3 bats
  4 giant cockroaches
  16 goblins
  2 hobgoblins
  9 jackals
  22 kobolds
  2 quokkas
  3 frilled lizards
  A leopard gecko skeleton (D:7)
  8 rats
155 creatures vanquished.

Notes
Turn   | Place    | Note
-------+----------+-------------------------------------------
     0 | D:1      | GenChuck the Minotaur Hunter began the quest for the Orb.
     0 | D:1      | Reached XP level 1. HP: 18/18 MP: 0/0
   249 | D:1      | Reached XP level 2. HP: 25/25 MP: 1/1
   365 | D:1      | Reached skill level 5 in Bows
   886 | D:2      | Found a bloodstained altar of Trog.
  1062 | D:2      | Reached XP level 3. HP: 11/30 MP: 2/2
  2141 | D:2      | Found a faded altar of an unknown god.
  2197 | D:3      | Reached skill level 6 in Bows
  2197 | D:3      | Reached XP level 4. HP: 37/37 MP: 3/3
  2690 | D:4      | Found an ornate altar of the Wu Jian Council.
  2707 | D:4      | Noticed Robin
  2714 | D:4      | Killed Robin
  2714 | D:4      | Reached skill level 1 in Armour
  3157 | D:4      | Noticed an ogre
  3233 | D:4      | Killed an ogre
  3233 | D:4      | Reached skill level 7 in Bows
  3233 | D:4      | Reached XP level 5. HP: 39/42 MP: 4/4
  3600 | D:4      | Upgraded the game from 0.24.1-4-ge52af88ad5 to
                  | 0.24.1-5-g77f818bfca
  3615 | D:5      | Entered Level 5 of the Dungeon
  3615 | D:5      | Noticed a phantom
  3632 | D:4      | Killed a phantom
  3632 | D:4      | Reached XP level 6. HP: 50/50 MP: 5/5
  3742 | D:5      | Reached skill level 8 in Bows
  3939 | D:5      | Found an iron altar of Okawaru.
  3979 | D:5      | Became a worshipper of Warmaster Okawaru
  4299 | D:5      | Found a staircase to the Ecumenical Temple.
  4310 | Temple   | Entered the Ecumenical Temple
  5162 | D:6      | Reached XP level 7. HP: 50/56 MP: 6/6
  5237 | D:6      | Noticed Edmund
  5269 | D:6      | Killed Edmund
  5269 | D:6      | Reached * piety under Okawaru
  5269 | D:6      | Reached skill level 9 in Bows
  5535 | D:6      | Found Doan's Antique Weapon Shop.
  5612 | D:6      | Learned a level 1 spell: Infusion
  5636 | D:6      | Reached skill level 10 in Bows
  5687 | D:6      | Gained mutation: Scrolls take you a little longer to read.
                  | [mutagenic glow]
  5770 | D:6      | Noticed Prince Ribbit
  5776 | D:6      | Killed Prince Ribbit
  5776 | D:6      | Reached ** piety under Okawaru
  5776 | D:6      | Reached XP level 8. HP: 62/62 MP: 7/7
  5845 | D:6      | Reached skill level 11 in Bows
  5950 | D:6      | Found a shadowy altar of Dithmenos.
  5997 | D:6      | Found a sacrificial altar of Ru.
  6222 | D:7      | Found a blossoming altar of Fedhas.
  6321 | D:7      | Found Fuag's Antique Armour Boutique.
  6355 | D:7      | Bought a glowing ring mail for 175 gold pieces
  6615 | D:7      | Reached skill level 12 in Bows
  6633 | D:7      | Noticed Joseph
  6899 | D:7      | Found a shimmering altar of Xom.
  6955 | D:7      | Reached skill level 1 in Polearms
  6955 | D:7      | Reached XP level 9. HP: 63/68 MP: 9/9
  7159 | D:7      | Killed Joseph
  7159 | D:7      | Reached *** piety under Okawaru
  7412 | D:7      | Found a shimmering blue altar of Sif Muna.
  7633 | D:7      | Reached skill level 1 in Throwing
  7914 | D:8      | Reached skill level 13 in Bows
  8555 | D:8      | Noticed a troll
  8569 | D:8      | Killed a troll
  8616 | D:8      | Noticed a centaur warrior
  8634 | D:8      | HP: 2/68 [centaur warrior/arrow (13)]
  8635 | D:8      | Shot with an arrow by a centaur warrior

Levels and vault maps discovered:
D:1:      onia_arrival_mini_maze, layout_basic
D:2:      layout_basic, bloody_trog, chequers_ecumenical_altar_grove
D:3:      layout_basic, first_ration
D:4:      layout_basic, kennysheep_mini_moat, uniq_robin
D:5:      layout_rooms, minmay_temple_entry_junction, okawaru_metal_pillars_3
D:6:      layout_gridville, nicolae_ru_great_annihilating_truth, serial_shops,
          shop, nicolae_dithmenos_through_a_glass_darkly, uniq_prince_ribbit1,
          uniq_edmund
D:7:      layout_loops_ring, overflow_temple_1_default, lemuel_round_altar,
          overflow_temple_1_default, serial_shops, nicolae_shop_crystal,
          uniq_joseph
D:8:      kennysheep_big_flooded_room, layout_basic,
          amethyst_overflow_temple_binary, serial_corexii_hall,
          corexii_hall_statues_x, corexii_hall_statues_i
Temple:   minmay_temple_forest_path

Skill      XL: |  1  2  3  4  5  6  7  8  9 |
---------------+----------------------------+-----
Bows           | 5 6 7 8 10 12 13 | 13.6
Armour         | 1 2 3 4 |  4.6
Polearms       | 1 2 |  2.7
Throwing       | 1 |  1.0
Fighting       | |  2.4
Short Blades   | |  0.2
Slings         | |  0.5
Dodging        | |  2.7
Stealth        | |  0.7
Spellcasting   | |  0.8
Charms         | |  0.6

Action                   |  1- 3 |  4- 6 |  7- 9 || total
-------------------------+-------+-------+-------++-------
Melee: Short sword       |    25 |       |       ||    25
       Headbutt          |     3 |       |    15 ||    18
       Spear             |       |       |    94 ||    94
       Shortbow          |       |       |     2 ||     2
 Fire: Shortbow          |    91 |   137 |   333 ||   561
       Hunting sling     |       |       |    24 ||    24
Throw: Javelin           |       |       |     9 ||     9
       Boomerang         |       |       |     6 ||     6
  Use: Scroll            |     4 |     8 |     2 ||    14
       Potion            |       |       |     1 ||     1
 Stab: Sleeping          |       |       |     1 ||     1
  Eat: Ration            |     1 |     1 |     3 ||     5
       Chunk             |       |     4 |     4 ||     8
Armor: Leather armour    |     4 |       |       ||     4
       Chain mail        |    29 |    54 |    25 ||   108
       Ring mail         |       |       |    69 ||    69
Dodge: Dodged            |    27 |    22 |    84 ||   133
